 Dungeon Crawl Stone Soup version 0.15-a0-462-gf669498 (webtiles) character file.

46341 Schadenfreude the Thaumaturge (level 13, -9/63 HPs)
             Began as a Deep Elf Conjurer on May 7, 2014.
             Was the Champion of Vehumet.
             Mangled by a thorn hunter (16 damage)
             ... on Level 2 of the Swamp.
             The game lasted 01:48:39 (25878 turns).

Schadenfreude the Thaumaturge (Deep Elf Conjurer)  Turns: 25878, Time: 01:48:39

HP  -9/63        AC 12     Str  6      XL: 13   Next: 99%
MP  19/42        EV 27     Int 27      God: Vehumet [******]
Gold 1284        SH  2     Dex 15      Spells: 11 memorised,  5 levels left

rFire  . . .     SeeInvis .     v - staff of conjuration {!a}
rCold  + . .     Clarity  .     f - +2 robe {rC+}
rNeg   . . .     Conserve +     (no shield)
rPois  +         rCorr    .     s - +0 helmet
rElec  .         rRot     .     L - +0 cloak
SustAb . .       Spirit   .     i - +0 pair of gloves
rMut   .         Warding  .     p - +0 pair of boots
Saprov . . .     Stasis   .     M - amulet of conservation
MR     +....                    W - ring of poison resistance
                                l - ring of magical power

@: phasing, somewhat resistant to hostile enchantments, stealthy
A: large bone plates 1, slimy green scales 1, clever 1, fast metabolism 1, low
mp 1
a: Renounce Religion


You were on level 2 of the Swamp.
You worshipped Vehumet.
Vehumet was exalted by your worship.
You were not hungry.

You visited 5 branches of the dungeon, and saw 20 of its levels.

You collected 1284 gold pieces.


Innate Abilities, Weirdness & Mutations

You are partially covered in large bone plates (AC +2, SH +2).
You are partially covered in slimy green scales (AC +2).
Your mind is acute. (Int +2)
You have a fast metabolism.
Your magical capacity is low (-10% MP).


   Skills:
 * Level 10.9 Dodging
 - Level 8.8 Stealth
 * Level 14.6 Spellcasting
 * Level 14.6 Conjurations
 * Level 12.6 Hexes
 + Level 11.7 Charms
 - Level 3.1 Translocations


You had 5 spell levels left.
You knew the following spells:

 Your Spells              Type           Power        Failure   Level  Hunger
a - Magic Dart            Conj           ####         0%          1    None
b - Searing Ray           Conj           ######       0%          2    None
c - Dazzling Spray        Conj/Hex       #######.     1%          3    None
d - Fulminant Prism       Conj/Hex       #######...   1%          4    None
e - Iskenderun's Mystic   Conj           #######.     1%          4    None
f - Mephitic Cloud        Conj/Pois/Air  ######..     1%          3    None
g - Iskenderun's Battles  Conj/Chrm      #######.     1%          5    None
h - Ensorcelled Hibernat  Hex/Ice        ######       1%          2    None
i - Flight                Chrm/Air       ######....   1%          3    None
j - Phase Shift           Tloc           #####.....   24%         5    None
k - Enslavement           Hex            ######..     1%          4    None


Dungeon Overview and Level Annotations

Branches:
Dungeon (10/15)            Temple (1/1) D:5            Lair (6/8) D:10
  Swamp (2/5) Lair:6        Snake (1/5) Lair:3        Slime (0/6) Lair:6
    Orc: D:9-12

Altars:
Ashenzari
Cheibriados
Dithmenos
Elyvilon
Fedhas
Kikubaaqudgha
Makhleb
Nemelex Xobeh
Okawaru
Sif Muna
Trog
Vehumet
Xom
Yredelemnul
Zin
The Shining One
Beogh

Annotations:
Snake:1 Josephine

Inventory:

Armour
 f - a +2 robe of cold resistance (worn)
   (You took it off Pikel on level 4 of the Dungeon)
 i - a +0 pair of gloves (worn)
   (You found it on level 1 of the Dungeon)
 p - a +0 pair of boots (worn)
   (You found it on level 2 of the Dungeon)
 s - a +0 helmet (worn)
   (You found it on level 2 of the Dungeon)
 L - a +0 cloak (worn)
   (You found it on level 1 of the Lair of Beasts)
Magical devices
 g - a wand of slowing (2)
   (You took it off Pikel on level 4 of the Dungeon)
 m - a wand of fire (6)
   (You found it on level 6 of the Dungeon)
 w - a wand of fireball (4)
   (You found it on level 9 of the Dungeon)
 O - a wand of polymorph (10)
   (You found it on level 2 of the Lair of Beasts)
 R - a wand of enslavement (17)
   (You found it on level 4 of the Lair of Beasts)
Comestibles
 B - a bread ration
 D - 2 apples
 E - 8 strawberries
 H - 2 pears
 Q - a rambutan
 U - a cheese
Scrolls
 a - 3 scrolls of magic mapping
 e - 6 scrolls of teleportation
 h - a scroll of amnesia
 j - a scroll of immolation {!r}
 r - 3 scrolls of vulnerability
 u - a scroll of identify
 y - 5 scrolls of fear
 z - a scroll of silence
 A - 2 scrolls of fog
 C - a scroll of recharging
 J - 2 scrolls of remove curse
Jewellery
 l - a ring of magical power (left hand)
   (You found it on level 1 of the Dungeon)
 n - an uncursed ring of positive energy
   (You found it on level 1 of the Swamp)
 t - an uncursed ring of stealth
   (You found it on level 5 of the Dungeon)
 x - an uncursed ring of protection from fire
   (You found it on level 7 of the Dungeon)
 M - an amulet of conservation (around neck)
   (You found it on level 1 of the Lair of Beasts)
 W - a ring of poison resistance (right hand)
   (You found it on level 5 of the Lair of Beasts)
Potions
 b - a potion of restore abilities
 d - a potion of heal wounds
 o - 6 potions of curing
 K - a potion of haste
 N - a potion of brilliance
 S - a potion of resistance
Books
 c - a book of Conjurations

   Spells                             Type                      Level
   *Magic Dart                        Conjuration                  1
   *Searing Ray                       Conjuration                  2
   *Dazzling Spray                    Conjuration/Hexes            3
   *Fulminant Prism                   Conjuration/Hexes            4
   *Iskenderun's Mystic Blast         Conjuration                  4
   *Iskenderun's Battlesphere         Conjuration/Charms           5
 k - a book of Dreams
   (You found it on level 3 of the Dungeon)

   Spells                             Type                      Level
   *Ensorcelled Hibernation           Hexes/Ice                    2
   *Flight                            Charms/Air                   3
   *Phase Shift                       Translocation                5
   Shadow Creatures                   Summoning                    5
   Mass Confusion                     Hexes                        6
   Darkness                           Hexes                        7
 F - a book of Frost
   (You found it on level 8 of the Dungeon)

   Spells                             Type                      Level
   Freeze                             Ice                          1
   Throw Frost                        Conjuration/Ice              2
   Ozocubu's Armour                   Charms/Ice                   3
   Throw Icicle                       Conjuration/Ice              4
   Summon Ice Beast                   Ice/Summoning                4
   Condensation Shield                Ice                          4
 P - a book of Flames
   (You found it on level 2 of the Lair of Beasts)

   Spells                             Type                      Level
   Flame Tongue                       Conjuration/Fire             1
   Throw Flame                        Conjuration/Fire             2
   Conjure Flame                      Conjuration/Fire             3
   Inner Flame                        Hexes/Fire                   3
   Sticky Flame                       Conjuration/Fire             4
   Fireball                           Conjuration/Fire             5
Magical staves
 v - an uncursed staff of conjuration (weapon) {!a}
   (You acquired it on level 6 of the Lair of Beasts)
Miscellaneous
 G - a lamp of fire
   (You found it on level 2 of the Lair of Beasts)

.~~¤~~7~. <7$.~......
.~.~...7.7~.~
~.~.~~.~7....~~
~.~....~~.~.~~~..
.~~~~~.~~~~....~~.
~~.~~~7.~~~~P.~~¤ ~.
~~~~*~~~f~.PPP~...~~~
~.77.~~~@~7PP~~77~~~~.
~..~...P.P~P.7~~~~~~~~
~~~.PPPPPP~~~~~7~~7~¤.~
...¤PPP~.<..~.~~~~~~~.~~
~.7~~~.~~~~~~~~~.(.~~....
~~.~~~~7.~~~~7..~~7..~7~~.
.~~~.~~~.~7~~7.7~~~~.7.7~.
..~~~~~~.~~~~~.........~~.
~~~7~~.~..~~~~.~~7.~~~.~7.


You could see a thorn hunter.


Message History

Casting: Dazzling Spray You feel a surge of power!
You conjure a globe of magical energy.
Casting: Iskenderun's Battlesphere
Aiming: Magic Dart
Aim: a thorn hunter You feel a surge of power!
The magic dart hits the thorn hunter.
Your battlesphere fires!
The barrage of energy hits the thorn hunter.
Casting: Magic Dart
Aiming: Dazzling Spray
Aim: a thorn hunter You feel a surge of power!
The spray of energy misses the thorn hunter.
Your battlesphere fires!
The barrage of energy hits the thorn hunter.
The thorn hunter is lightly damaged.
Casting: Dazzling Spray
Aiming: Dazzling Spray
Aim: a thorn hunter (water, lightly damaged)
You feel a surge of power!
The spray of energy misses the thorn hunter.
Your battlesphere fires!
The barrage of energy hits the thorn hunter.
The thorn hunter is moderately damaged.
Casting: Dazzling Spray
Aiming: Dazzling Spray
Aim: a thorn hunter (moderately damaged)
You feel a surge of power!
The spray of energy hits the thorn hunter.
The thorn hunter is moderately damaged.
Your battlesphere fires!
The barrage of energy hits the thorn hunter.
The thorn hunter is heavily damaged.
The thorn hunter hits you! x2
Really attack while wielding your uncursed staff of conjuration {!a}? [Y]es or [N]o only, please.
Really attack while wielding your uncursed staff of conjuration {!a}? [Y]es or [N]o only, please.
Really attack while wielding your uncursed staff of conjuration {!a}?
Unknown command.
Casting: Dazzling Spray
Aiming: Magic Dart
Aim: a thorn hunter (heavily damaged)
You feel a surge of power!
The magic dart hits the thorn hunter.
The thorn hunter is heavily damaged.
Your battlesphere fires!
The barrage of energy hits the thorn hunter.
The thorn hunter is heavily damaged.
The thorn hunter misses you. The thorn hunter hits you!
* * * LOW HITPOINT WARNING * * *
Casting: Magic Dart
Aiming: Enslavement
Aim: a thorn hunter (heavily damaged)
The thorn hunter is unaffected.
The thorn hunter closely misses you. The thorn hunter hits you!
* * * LOW HITPOINT WARNING * * *
Drink which item? (? for menu, Esc to quit)
You feel much better.
The briar patch crumbles away.
The briar patch crumbles away.
The thorn hunter hits you!
* * * LOW HITPOINT WARNING * * *
The thorn hunter hits you.
* * * LOW HITPOINT WARNING * * *
Drink which item? (? for menu, Esc to quit)
Okay, then.
Casting: Enslavement
Okay, then.
Casting: Enslavement You feel the strange sensation of being on two planes at once.
The thorn hunter misses you. The thorn hunter hits you!
You die...

Action                   |  1- 3 |  4- 6 |  7- 9 | 10-12 | 13-15 || total
-------------------------+-------+-------+-------+-------+-------++-------
Melee: Unarmed           |    10 |       |       |       |       ||    10
       Spear             |     3 |     7 |     1 |    54 |       ||    65
 Cast: Magic Dart        |    78 |    49 |   251 |   434 |   120 ||   932
       Searing Ray       |     2 |     6 |    13 |       |       ||    21
       Dazzling Spray    |       |     6 |    34 |   308 |   149 ||   497
       Fulminant Prism   |       |     5 |    23 |    62 |    26 ||   116
       Iskenderun's Myst |       |       |    26 |    42 |    13 ||    81
       Iskenderun's Batt |       |       |    10 |    52 |    33 ||    95
       Ensorcelled Hiber |       |       |     1 |    15 |     2 ||    18
       Mephitic Cloud    |       |       |     1 |       |     1 ||     2
       Flight            |       |       |       |     4 |     1 ||     5
       Enslavement       |       |       |       |       |     4 ||     4
       Phase Shift       |       |       |       |       |     1 ||     1
Evoke: Wand              |       |       |       |     5 |     1 ||     6
  Use: Scroll            |    10 |     1 |    16 |    17 |     4 ||    48
       Potion            |     2 |     5 |     6 |    11 |     5 ||    29
 Stab: Distracted        |       |       |     1 |       |       ||     1

Vault maps used:
D:1:      dpeg_arrival_pond, serial_forest, infiniplex_forest_lined_corner,
          infiniplex_forest_zigzag_1, infiniplex_forest_clump_medium,
          infiniplex_forest_clump_small, infiniplex_forest_lined_3
D:2:      st_stairs_11
D:3:      vehumet_crystals, first_bread, serial_park_tiny_1,
          roderic_bali_sauvastika
D:4:      nemelex_altar_shiori, uniq_eustachio, uniq_edmund, uniq_pikel
D:5:      minmay_goblin_kobold_castle, minmay_temple_entry_fiery
D:6:      minivault_23
D:8:      gammafunk_temple_overflow_wave, basic_altar, uniq_duvessa
D:9:      old_forge, minmay_orc_entry_temple_small
D:10:     lemuel_ice_statue, minmay_lair_entry_lava, grunt_pizzeria,
          kennysheep_generic_room_12
Temple:   minmay_temple_forest_path_12
Lair:1:   uniq_harold
Lair:3:   guppyfry_snake_entry_island, nicolae_quartered_pool_medium
Lair:4:   minivault_24
Lair:5:   serial_bayou_shore_a, uniq_rupert
Lair:6:   minmay_swamp_entry_worms, slime_dummy, serial_bayou_pond_c,
          grunt_forest_stairs_basic, lemuel_strawberry_fields, uniq_maud
Swamp:1:  nicolae_swamp_trees_clearing, swamp_pool1, hangedman_swamp_cone
Swamp:2:  evilmike_swamp_ruin_rubble_2, uniq_snorg
Snake:1:  lemuel_fruit_tree, uniq_josephine

Notes
Turn   | Place    | Note
--------------------------------------------------------------
     0 | D:1      | Schadenfreude, the Deep Elf Conjurer, began the quest for the Orb.
     0 | D:1      | Reached XP level 1. HP: 10/10 MP: 5/5
   185 | D:1      | Reached XP level 2. HP: 15/15 MP: 3/8
   230 | D:1      | TZer0alt: pro-tip: don't die!
   234 | D:1      | Learned a level 2 spell: Searing Ray
   453 | D:1      | Reached skill level 3 in Stealth
   702 | D:2      | Reached skill level 3 in Dodging
   750 | D:2      | Reached XP level 3. HP: 19/19 MP: 5/11
  1292 | D:3      | Reached skill level 4 in Spellcasting
  1545 | D:3      | Reached XP level 4. HP: 24/24 MP: 15/15
  1624 | D:3      | Found a radiant altar of Vehumet.
  1749 | D:3      | TZer0alt: vehu-alter!
  1778 | D:3      | Became a worshipper of Vehumet
  1822 | D:4      | Noticed an ogre
  1834 | D:4      | Learned a level 3 spell: Dazzling Spray
  1839 | D:4      | Learned a level 4 spell: Fulminant Prism
  1887 | D:4      | Noticed a phantom
  1914 | D:4      | Killed a phantom
  1914 | D:4      | Reached skill level 4 in Dodging
  1914 | D:4      | Reached skill level 4 in Stealth
  1914 | D:4      | Reached skill level 5 in Conjurations
  1914 | D:4      | Reached XP level 5. HP: 28/28 MP: 0/18
  2072 | D:4      | Noticed Edmund
  2072 | D:4      | Noticed Pikel
  2072 | D:4      | Noticed a slave
  2072 | D:4      | Noticed a slave
  2072 | D:4      | Noticed a slave
  2072 | D:4      | Noticed a slave
  2117 | D:4      | Noticed a centaur
  2129 | D:4      | Killed a centaur
  2129 | D:4      | Reached skill level 5 in Spellcasting
  2129 | D:4      | Reached XP level 6. HP: 13/32 MP: 6/21
  2322 | D:4      | Found a sparkling altar of Nemelex Xobeh.
  2399 | D:4      | Killed Edmund
  2399 | D:4      | Reached skill level 6 in Conjurations
  2493 | D:4      | Noticed Eustachio
  2496 | D:4      | TZer0alt: You destroy Schadenfreude's ghost!
  2501 | D:5      | Entered Level 5 of the Dungeon
  2715 | D:5      | Learned a level 4 spell: Iskenderun's Mystic Blast
  2741 | D:5      | Found a staircase to the Ecumenical Temple.
  2749 | Temple   | Entered the Ecumenical Temple
  3176 | D:5      | Killed Eustachio
  3176 | D:5      | Reached skill level 6 in Spellcasting
  3176 | D:5      | Reached XP level 7. HP: 25/36 MP: 13/24
  3372 | D:4      | Killed Pikel
  3372 | D:4      | Reached skill level 7 in Spellcasting
  3372 | D:4      | Reached skill level 8 in Conjurations
  3372 | D:4      | Reached XP level 8. HP: 26/41 MP: 25/26
  4027 | D:5      | Acquired Vehumet's first power
  4027 | D:5      | Offered knowledge of Freeze by Vehumet.
  4150 | D:5      | Reached skill level 9 in Conjurations
  4384 | D:5      | Reached skill level 8 in Spellcasting
  4552 | D:5      | Offered knowledge of Sting by Vehumet.
  4758 | D:5      | Reached skill level 10 in Conjurations
  5139 | D:5      | Offered knowledge of Mephitic Cloud by Vehumet.
  5144 | D:5      | Learned a level 3 spell: Mephitic Cloud
  5150 | D:5      | Learned a level 5 spell: Iskenderun's Battlesphere
  5153 | D:5      | Learned a level 2 spell: Ensorcelled Hibernation
  5380 | D:6      | Reached skill level 5 in Stealth
  5380 | D:6      | Reached skill level 1 in Hexes
  5382 | D:6      | Reached XP level 9. HP: 36/45 MP: 29/29
  5389 | D:6      | HP: 8/45 [killer bee (10)]
  5390 | D:6      | Reached skill level 9 in Spellcasting
  5410 | D:6      | HP: 11/45 [poisoned by a killer bee]
  5416 | D:6      | HP: 10/45 [poisoned by a killer bee]
  5424 | D:6      | HP: 9/45 [poisoned by a killer bee]
  5991 | D:6      | Reached skill level 5 in Dodging
  5992 | D:6      | Acquired Vehumet's second power
  6209 | D:6      | Reached skill level 2 in Hexes
  6371 | D:6      | Offered knowledge of Sticky Flame by Vehumet.
  6522 | D:6      | Reached skill level 1 in Charms
  6877 | D:7      | Reached skill level 2 in Charms
  7005 | D:7      | Reached skill level 3 in Hexes
  7008 | D:7      | Acquired Vehumet's third power
  7008 | D:7      | Reached skill level 6 in Stealth
  7008 | D:7      | Offered knowledge of Ignite Poison by Vehumet.
  7008 | D:7      | Reached skill level 3 in Charms
  7062 | D:7      | Reached skill level 4 in Hexes
  7762 | D:8      | Reached skill level 4 in Charms
  7764 | D:8      | Reached skill level 10 in Spellcasting
  7816 | D:8      | Noticed Duvessa
  7822 | D:8      | Killed Duvessa
  7822 | D:8      | Reached skill level 11 in Conjurations
  7824 | D:8      | Noticed Dowan
  7827 | D:8      | Killed Dowan
  8118 | D:8      | Reached XP level 10. HP: 50/50 MP: 20/31
  8723 | D:8      | Reached skill level 5 in Hexes
  9011 | D:8      | Found an ancient bone altar of Kikubaaqudgha.
  9011 | D:8      | Found a deep blue altar of Sif Muna.
  9068 | D:8      | Found a glowing golden altar of the Shining One.
  9149 | D:8      | Learned a level 3 spell: Flight
  9625 | D:9      | Reached skill level 5 in Charms
  9989 | D:9      | Found a staircase to the Orcish Mines.
  9993 | D:9      | the staircase to the Orcish Mines was a mimic.
 10020 | D:9      | Found a roughly hewn altar of Beogh.
 10373 | D:9      | Offered knowledge of Lightning Bolt by Vehumet.
 10430 | D:9      | Reached skill level 6 in Hexes
 10542 | D:9      | Reached skill level 6 in Charms
 10545 | D:9      | Reached skill level 6 in Dodging
 10545 | D:9      | Reached skill level 7 in Stealth
 11133 | D:9      | Reached skill level 11 in Spellcasting
 11334 | D:9      | Reached skill level 7 in Hexes
 11366 | D:9      | Reached skill level 7 in Charms
 11958 | D:10     | Entered Level 10 of the Dungeon
 12269 | D:10     | Reached skill level 12 in Conjurations
 12309 | D:10     | Found a staircase to the Lair.
 12315 | D:10     | Reached XP level 11. HP: 37/54 MP: 27/33
 12410 | Lair:1   | Entered Level 1 of the Lair of Beasts
 13305 | D:10     | Noticed an ice statue
 13312 | D:10     | Killed an ice statue
 13484 | D:10     | Reached skill level 8 in Charms
 13754 | Lair:1   | Offered knowledge of Force Lance by Vehumet.
 13907 | Lair:1   | Learned a level 5 spell: Phase Shift
 13982 | Lair:1   | Reached skill level 8 in Hexes
 14135 | Lair:1   | Reached skill level 7 in Dodging
 14135 | Lair:1   | Reached skill level 8 in Stealth
 14546 | Lair:1   | Noticed Harold
 14552 | Lair:1   | Killed Harold
 14696 | Lair:1   | Noticed a four-headed hydra
 14701 | Lair:1   | Killed a four-headed hydra
 15355 | Lair:2   | Noticed an eight-headed hydra
 15363 | Lair:2   | Killed an eight-headed hydra
 15363 | Lair:2   | Reached skill level 12 in Spellcasting
 15363 | Lair:2   | Reached skill level 9 in Charms
 16025 | Lair:3   | Schadenfreude: Oi, har ikke sett at du specca meg
 16037 | Lair:3   | Reached skill level 9 in Hexes
 16481 | Lair:3   | Reached XP level 12. HP: 59/59 MP: 33/35
 16607 | Lair:3   | Gained mutation: You have a fast metabolism. [potion of mutation]
 16607 | Lair:3   | Gained mutation: You evolve. [potion of mutation]
 16607 | Lair:3   | Gained mutation: You are partially covered in slimy green scales (AC +2). [potion of mutation]
 16608 | Lair:3   | Schadenfreude: Uh oh...
 16608 | Lair:3   | Gained mutation: You are partially covered in large bone plates (AC +2, SH +2). [potion of mutation]
 16608 | Lair:3   | Lost mutation: You evolve. [potion of mutation]
 16608 | Lair:3   | Gained mutation: Your magical capacity is low (-10% MP). [potion of mutation]
 16609 | Lair:3   | Gained mutation: Your mind is acute. (Int +2) [potion of mutation]
 16609 | Lair:3   | Lost mutation: Your mind is acute. (Int +2) [potion of mutation]
 16609 | Lair:3   | Gained mutation: Your mind is acute. (Int +2) [potion of mutation]
 16836 | Lair:3   | Found a staircase to the Snake Pit.
 17411 | Lair:3   | Reached skill level 13 in Conjurations
 17743 | Snake:1  | Entered Level 1 of the Snake Pit
 18015 | Snake:1  | Noticed Josephine
 18037 | Snake:1  | HP: 12/59 [Josephine/ghostly fireball (24)]
 18574 | Lair:4   | Reached skill level 8 in Dodging
 18818 | Lair:4   | Learned a level 4 spell: Enslavement
 18971 | Lair:4   | Reached skill level 10 in Charms
 18971 | Lair:4   | Reached skill level 1 in Translocations
 19139 | Lair:4   | Reached skill level 10 in Hexes
 19606 | Lair:5   | Offered knowledge of Bolt of Magma by Vehumet.
 19882 | Lair:5   | Reached skill level 13 in Spellcasting
 20124 | Lair:5   | Noticed Rupert
 20135 | Lair:5   | Killed Rupert
 20135 | Lair:5   | Reached skill level 9 in Dodging
 20135 | Lair:5   | Reached skill level 2 in Translocations
 20288 | Lair:5   | Noticed a seven-headed hydra
 20293 | Lair:5   | Killed a seven-headed hydra
 20557 | Lair:5   | Reached skill level 11 in Hexes
 21058 | Lair:6   | Identified a scroll of acquirement
 21085 | Lair:6   | Reached XP level 13. HP: 63/63 MP: 20/32
 21172 | Lair:6   | Found a staircase to the Slime Pits.
 21316 | Lair:6   | Noticed Fizybubbleh's ghost (powerful TeSu)
 21319 | Lair:6   | Killed Fizybubbleh's ghost
 21319 | Lair:6   | Reached skill level 3 in Translocations
 21375 | Lair:6   | Noticed Maud
 21390 | Lair:6   | Killed Maud
 21799 | Lair:6   | Offered knowledge of Conjure Ball Lightning by Vehumet.
 21898 | Lair:6   | Reached skill level 14 in Conjurations
 22044 | Lair:6   | Reached skill level 10 in Dodging
 22413 | Lair:6   | Reached skill level 11 in Charms
 22418 | Lair:6   | Found a staircase to the Swamp.
 22837 | Swamp:1  | Entered Level 1 of the Swamp
 22974 | Lair:6   | Reached skill level 14 in Spellcasting
 23631 | Swamp:1  | Reached skill level 12 in Hexes
 25868 | Swamp:2  | Noticed a thorn hunter
 25876 | Swamp:2  | HP: 11/63 [thorn hunter (7)]
 25878 | Swamp:2  | Mangled by a thorn hunter

Vanquished Creatures
  Rupert (Lair:5)
  Maud (Lair:6)
  Harold (Lair:1)
  The ghost of Fizybubbleh the Carver, a powerful TeSu of the Shining One (Lair:6)
  7 hydras
  3 alligators
  An ice statue (D:10)
  Pikel (D:4)
  A red wasp (Swamp:1)
  A salamander (Snake:1)
  5 black mambas
  10 spiny frogs
  A naga mage (Snake:1)
  3 komodo dragons
  2 fire drakes
  7 giant leeches
  5 slime creatures (Swamp:1)
  A two-headed ogre (D:10)
  3 ravens (Swamp:1)
  8 blink frogs
  3 bog bodies (Swamp:1)
  A basilisk (Lair:5)
  2 wyverns
  A human (D:10)
  2 sharks (Lair:5)
  A shadow (Swamp:1)
  A hill giant zombie (D:10)
  29 yaks
  Eustachio (D:5)
  A hippogriff (Lair:4)
  9 vampire mosquitoes
  9 swamp worms
  12 wolves
  Edmund (D:4)
  16 water moccasins
  12 porcupines
  A sky beast (D:5)
  3 nagas (Lair:3)
  A black bear (D:10)
  8 swamp drakes
  3 phantoms
  3 orc warriors
  2 centaurs
  3 ice beasts
  3 ogres
  3 necrophages
  12 crocodiles
  Duvessa (D:8)
  6 giant slugs
  2 big kobolds (D:5)
  9 giant frogs
  A gnoll sergeant (D:10)
  6 scorpions
  A troll zombie (D:10)
  An eye of draining (D:8)
  A yak skeleton (D:8)
  9 killer bees
  10 wights
  Dowan (D:8)
  5 crimson imps
  4 electric eels
  A centaur skeleton (D:4)
  A quasit (D:10)
  A giant frog skeleton (D:7)
  6 orc priests
  A jelly (D:7)
  15 hounds
  2 big fish
  7 orc wizards
  9 iguanas
  3 worker ants
  14 sheep
  An ogre zombie (D:8)
  15 fulminant prisms
  A mummy (D:9)
  18 green rats
  16 gnolls
  3 shadow imps
  An inept feature mimic (D:9)
  17 adders
  7 giant mites
  A goliath beetle zombie (D:9)
  A worm (D:9)
  An adder skeleton (D:7)
  A giant eyeball (D:10)
  11 giant geckos
  33 orcs
  A ball python (D:3)
  A bat skeleton (D:4)
  4 giant cockroaches
  30 goblins
  32 hobgoblins
  44 jackals
  15 kobolds
  8 quokkas
  31 bats
  5 giant newts
  A giant spore (D:10)
  A goblin skeleton (D:5)
  A kobold skeleton (D:4)
  22 rats
  18 ballistomycetes (D:8)
  11 fungi
  A plant (Lair:6)
676 creatures vanquished.

Vanquished Creatures (collateral kills)
  A slime creature (Swamp:1)
  A bog body (Swamp:1)
2 creatures vanquished.

Vanquished Creatures (others)
  A hound (D:4)
  A giant mite (D:4)
  An ooze (D:4)
  101 fulminant prisms
  A giant newt (D:4)
  A giant spore (D:8)
  2 rats (D:4)
  11 fungi
119 creatures vanquished.

Grand Total: 797 creatures vanquished
